Map: Altitude LE

Players

chivugt - Winner!

  • Race: Protoss Protoss
  • League: Diamond
  • Spawn Location: 1:00

TerranYOUup

  • Race: Terran Terran
  • League: Diamond
  • Spawn Location: 7:00

VOD

Have the link to the VOD?

Description

Time

  • Played on: Feb. 2, 2023, 6:01 p.m.
  • Length: 25:53
Show
View Real Time Build Order
Export as new Build Order

chivugt Protoss - Winner!

Build Orders:  

Get SALT Encoding   

  12  0:00  Probe  
  13  0:12  Probe  
  14  0:18  Pylon  
  14  0:24  Probe  
  15  0:37  Probe  
  15  0:39  Gateway  
  16  0:48  Assimilator  
  16  0:49  Probe  
  17  1:01  Probe  
  18  1:04  Pylon  
  18  1:13  Probe (Chrono Boost)  
  19  1:23  Probe (Chrono Boost)  
  20  1:28  Cybernetics Core, Zealot (Chrono Boost)  
  20  1:31  Probe  
  23  1:43  Probe  
  24  1:55  Probe  
  25  2:06  Stalker (Chrono Boost)  
  25  2:07  Probe  
  28  2:13  Nexus  
  28  2:18  Pylon  
  28  2:33  Stalker (Chrono Boost)  
  30  2:45  Twilight Council  
  30  2:48  Warp Gate  
  30  2:53  Assimilator  
  30  2:55  Probe  
  31  3:07  Assimilator  
  31  3:08  Probe  
  32  3:18  Charge (Chrono Boost)  
  32  3:20  Probe  
  33  3:32  Probe  
  33  3:33  Probe  
  35  3:38  Robotics Facility  
  35  3:42  Pylon  
  35  3:45  Probe x2, Pylon  
  37  3:54  Shield Battery  
  37  3:57  Probe x2  
  39  4:09  Probe x2  
  38  4:22  Forge  
  38  4:25  Observer (Chrono Boost)  
  38  4:29  Gateway  
  38  4:30  Gateway  
  39  4:38  Stalker  
  39  4:40  Observer  
  41  5:10  Photon Cannon  
  40  5:25  Photon Cannon  
  40  5:32  Observer  
  41  6:08  Zealot x3  
  41  6:10  Probe x2  
  49  6:22  Probe x2  
  49  6:23  Pylon  
  51  6:30  Blink (Chrono Boost)  
  51  6:34  Probe  
  51  6:35  Probe  
  53  6:40  Observer  
  53  6:46  Probe  
  55  6:47  Probe  
  55  6:57  Gateway  
  55  6:59  Probe x2, Gateway  
  57  7:02  Gateway  
  57  7:05  Protoss Ground Armor Level 1 (Chrono Boost)  
  57  7:11  Assimilator, Probe x2  
  59  7:23  Probe x2  
  59  7:24  Pylon  
  61  7:35  Probe x2  
  63  7:39  Pylon  
  63  7:47  Probe x2, Stalker x3  
  71  7:53  Zealot, Templar Archives  
  71  7:54  Zealot  
  71  7:56  Zealot  
  77  8:22  Psionic Storm  
  77  8:26  Pylon  
  77  8:28  Nexus  
  77  8:31  Pylon  
  77  8:33  Pylon  
  77  8:35  High Templar x2  
  77  8:37  High Templar  
  77  8:38  Zealot x3  
  89  8:45  Probe x2  
  91  8:49  Pylon  
  91  8:51  Pylon  
  91  8:57  Probe x2  
  91  8:58  Protoss Ground Armor Level 2 (Chrono Boost)  
  93  9:09  Probe  
  95  9:10  Photon Cannon, Probe  
  95  9:11  Shield Battery  
  95  9:17  High Templar  
  95  9:19  High Templar, Zealot  
  95  9:20  Zealot x3  
  107  9:31  Probe x2  
  109  9:34  Robotics Bay  
  109  9:36  Gateway  
  109  9:40  Gateway  
  109  9:42  Shield Battery  
  109  9:43  Probe  
  110  9:50  Probe x2  
  112  9:55  Probe  
  113  10:02  Probe x2  
  113  10:03  Pylon x2  
  113  10:06  Pylon  
  115  10:13  Observer  
  115  10:15  Stalker x5  
  123  10:45  Probe  
  123  10:46  Probe x2  
  126  10:56  Colossus (Chrono Boost)  
  126  10:57  Extended Thermal Lance, Probe  
  126  10:58  Probe x2  
  126  10:59  Nexus  
  126  11:03  Observer  
  135  11:08  Forge  
  135  11:10  Probe x3  
  138  11:13  Protoss Ground Weapons Level 1 (Chrono Boost)  
  138  11:15  Pylon  
  138  11:18  Pylon  
  138  11:21  Stargate, Pylon  
  138  11:24  Pylon  
  138  11:39  Probe  
  140  11:40  Probe x2  
  141  11:51  Probe  
  141  11:52  Probe x2  
  131  12:02  Zealot x3  
  131  12:03  Zealot x5  
  147  12:09  Fleet Beacon  
  147  12:11  Stargate  
  147  12:12  Probe x4  
  147  12:14  Immortal (Chrono Boost)  
  151  12:19  Photon Cannon  
  151  12:22  Shield Battery  
  155  12:23  Zealot x4  
  155  12:24  Probe x4, Zealot x4  
  175  12:36  Probe x4  
  179  12:37  Assimilator x2  
  179  12:39  Assimilator  
  179  12:42  Assimilator  
  179  12:48  Probe  
  179  12:49  Immortal  
  130  13:19  Stalker  
  120  13:20  Stalker x7  
  134  13:29  Colossus (Chrono Boost)  
  140  13:50  Zealot x4  
  140  13:51  Zealot x4  
  156  13:58  Nexus  
  156  13:59  Pylon, Protoss Ground Armor Level 3 (Chrono Boost)  
  156  14:00  Gateway x2  
  156  14:02  Pylon, Gateway  
  156  14:03  Protoss Ground Weapons Level 2 (Chrono Boost)  
  156  14:04  Pylon  
  156  14:07  Pylon  
  156  14:09  Gateway  
  156  14:12  Zealot x6  
  156  14:13  Zealot x2  
  172  14:27  Tempest x2  
  182  14:32  Probe  
  182  14:33  Probe x2  
  182  14:34  Probe  
  186  14:43  Zealot x4  
  186  14:44  Zealot x3  
  200  14:56  Assimilator  
  200  14:57  Photon Cannon  
  200  14:59  Assimilator  
  200  15:00  Photon Cannon  
  200  15:02  Shield Battery  
  200  15:04  Photon Cannon  
  128  15:44  Tempest  
  133  15:53  Robotics Facility  
  133  15:54  Robotics Facility  
  133  16:09  Zealot x5  
  133  16:10  Zealot x3  
  149  16:24  Nexus  
  149  16:26  Pylon  
  149  16:27  Tempest  
  149  16:28  Pylon  
  149  16:30  Tempest, Pylon  
  157  16:46  Zealot x5  
  157  16:47  Zealot x2  
  139  16:48  Zealot  
  118  16:56  Immortal (Chrono Boost)  
  99  17:08  Stalker  
  99  17:09  Tempest, Stalker x2  
  99  17:10  Stalker x5  
  99  17:13  Tempest  
  123  17:26  Immortal (Chrono Boost)  
  115  17:35  Zealot x6  
  115  17:36  Zealot x2  
  121  17:52  Tempest  
  121  17:55  Probe  
  121  17:56  Tempest, Probe x3  
  121  17:57  Immortal (Chrono Boost)  
  127  18:01  High Templar  
  127  18:02  High Templar x6  
  127  18:03  High Templar  
  147  18:11  Photon Cannon  
  147  18:13  Photon Cannon  
  147  18:16  Photon Cannon  
  147  18:18  Shield Battery  
  147  18:20  Shield Battery  
  147  18:29  Immortal (Chrono Boost)  
  135  18:47  Robotics Facility  
  135  18:49  Robotics Facility  
  135  18:50  Tempest  
  135  18:51  Tempest  
  135  18:53  Protoss Ground Weapons Level 3 (Chrono Boost)  
  135  18:54  Protoss Shields Level 1 (Chrono Boost)  
  149  19:04  Assimilator  
  149  19:05  Assimilator  
  149  19:17  Archon x4  
  149  19:23  Observer (Chrono Boost)  
  146  19:29  Robotics Facility  
  146  19:36  Observer  
  121  19:55  Zealot x4  
  121  19:56  Zealot x5  
  121  19:57  Immortal, Zealot x2  
  126  20:20  Immortal x2  
  134  20:29  Probe  
  134  20:30  Probe x3  
  138  20:37  Immortal  
  138  20:42  Probe  
  143  20:43  Probe x3  
  146  20:54  Probe  
  147  21:02  Probe x2  
  147  21:03  Probe  
  150  21:06  Probe  
  150  21:08  High Templar  
  150  21:09  High Templar x2  
  150  21:11  High Templar  
  159  21:13  Archon  
  159  21:14  Probe  
  159  21:15  Archon  
  160  21:23  Dark Shrine  
  160  21:29  High Templar x2  
  160  21:30  High Templar x3  
  160  21:31  High Templar  
  172  21:33  Archon  
  172  21:34  Archon  
  172  21:35  Archon  
  172  21:44  Nexus  
  172  21:55  Immortal  
  171  22:13  Immortal x2  
  137  22:39  Immortal  
  121  22:52  Immortal x2, Probe x4  
  133  22:59  Dark Templar x2  
  133  23:00  Dark Templar x2  
  133  23:04  Probe x2  
  143  23:09  Photon Cannon  
  143  23:12  Photon Cannon  
  135  23:57  Immortal (Chrono Boost)  
  135  23:58  Immortal x2 (Chrono Boost)  
  146  24:30  Immortal (Chrono Boost)  
  150  24:31  Immortal x3 (Chrono Boost)  
  113  25:04  Observer (Chrono Boost)  
  122  25:10  Probe x2  
  122  25:11  Probe x2  
  122  25:13  Immortal x3 (Chrono Boost)  
  126  25:25  Observer (Chrono Boost)  
  126  25:27  Probe  
  126  25:28  Probe x3  
Show
View Real Time Build Order
Export as new Build Order

TerranYOUup Terran 

Build Orders: Mech 

Get SALT Encoding   

  12  0:00  SCV  
  13  0:12  SCV  
  14  0:20  Supply Depot  
  14  0:24  SCV  
  15  0:33  Refinery  
  15  0:42  SCV  
  16  0:50  Barracks  
  16  0:54  SCV  
  17  1:02  Refinery  
  17  1:06  SCV  
  17  1:10  Supply Depot  
  18  1:18  SCV  
  19  1:30  SCV  
  20  1:43  Orbital Command  
  20  1:48  Factory  
  20  2:05  Bunker  
  20  2:06  Marine  
  21  2:08  SCV  
  22  2:20  SCV  
  23  2:24  Marine  
  24  2:35  Armory  
  24  2:39  Factory Reactor  
  24  2:42  Starport  
  24  2:44  SCV  
  24  2:47  Supply Depot  
  24  2:49  Marine  
  26  2:57  SCV  
  27  3:17  Widow Mine x2  
  27  3:19  Medivac  
  33  3:20  Barracks Reactor  
  33  3:24  Supply Depot  
  33  3:39  Widow Mine x2  
  37  3:47  Supply Depot  
  37  3:49  Medivac  
  39  3:58  Marine  
  39  4:00  Widow Mine x2  
  44  4:19  Liberator  
  44  4:21  Widow Mine x2  
  51  4:24  Command Center  
  51  4:38  Factory  
  51  4:43  Widow Mine  
  45  5:02  Widow Mine  
  45  5:04  Widow Mine, SCV  
  46  5:23  Widow Mine  
  46  5:26  Widow Mine  
  45  5:44  Widow Mine  
  45  5:45  Medivac  
  45  5:47  Widow Mine  
  47  5:54  Factory Tech Lab  
  47  6:02  Marine x2  
  49  6:07  Factory  
  49  6:22  Orbital Command  
  49  6:25  SCV  
  50  6:31  Siege Tank, Command Center  
  53  6:40  SCV  
  53  6:46  Bunker  
  54  6:52  SCV, Engineering Bay  
  55  6:59  Factory Tech Lab  
  55  7:06  Factory  
  55  7:09  SCV x2  
  55  7:14  Siege Tank  
  60  7:19  Refinery x2  
  60  7:21  SCV  
  61  7:36  Siege Tank  
  64  7:38  SCV x2  
  66  7:45  Missile Turret  
  66  7:46  Siege Tank, Orbital Command  
  66  7:50  SCV x2  
  71  7:54  Missile Turret  
  71  7:55  Missile Turret  
  71  8:02  Missile Turret, SCV  
  72  8:07  Factory Tech Lab  
  72  8:10  SCV  
  73  8:14  SCV  
  73  8:16  Siege Tank  
  73  8:18  Siege Tank  
  80  8:23  SCV  
  81  8:29  Supply Depot x3  
  81  8:30  Siege Tank  
  81  8:32  SCV  
  85  8:36  Missile Turret  
  85  8:49  Terran Vehicle Weapons Level 1  
  85  8:50  SCV x3  
  88  9:03  SCV x3  
  88  9:06  Factory  
  91  9:15  Factory, SCV x2  
  93  9:17  Factory  
  93  9:23  Factory  
  93  9:29  Hellion x2  
  93  9:30  Hellion  
  99  9:38  Supply Depot  
  99  9:39  Supply Depot x2  
  99  9:48  Missile Turret  
  99  9:49  Infernal Pre-Igniter  
  99  9:55  Armory  
  99  9:56  Factory Reactor  
  99  9:58  Factory Reactor  
  99  10:00  Factory Reactor  
  100  10:28  Hellion x2  
  100  10:30  Hellion x2  
  104  10:36  Medivac x2  
  104  10:40  Hellion  
  104  10:41  Hellion x4  
  118  10:49  Factory Reactor  
  116  11:02  Factory Tech Lab  
  116  11:04  Hellion x5  
  122  11:05  Siege Tank, Hellion  
  122  11:09  Supply Depot  
  122  11:10  Supply Depot  
  122  11:11  Supply Depot x2  
  131  11:13  Supply Depot  
  131  11:17  Siege Tank x2  
  137  11:19  Terran Vehicle Weapons Level 2  
  137  11:20  Terran Vehicle And Ship Armor Level 1  
  137  11:26  SCV x2  
  139  11:35  Siege Tank  
  139  11:36  Hellion x2  
  139  11:37  Hellion x2  
  126  11:56  Missile Turret  
  126  11:58  Missile Turret  
  126  12:00  Orbital Command  
  103  12:04  Hellion x5  
  113  12:24  Supply Depot  
  113  12:25  Siege Tank x4  
  113  12:27  SCV  
  113  12:28  SCV  
  127  12:37  SCV  
  127  12:39  SCV  
  127  12:40  SCV  
  127  12:41  Refinery  
  127  12:42  Refinery  
  127  12:43  Hellion x2  
  134  12:51  Sensor Tower  
  134  12:52  SCV x3  
  126  13:00  Orbital Command  
  94  13:06  Hellion x3  
  94  13:07  Hellion x3  
  85  13:26  Siege Tank  
  85  13:27  Siege Tank x2  
  94  13:31  SCV  
  94  13:32  SCV x2  
  97  13:43  SCV  
  98  13:48  Siege Tank  
  101  13:58  Siege Tank  
  101  13:59  Siege Tank  
  101  14:01  SCV  
  101  14:02  SCV x2  
  110  14:11  Terran Vehicle And Ship Armor Level 2, Terran Vehicle Weapons Level 3  
  110  14:14  Hellion x4  
  110  14:16  Hellion  
  120  14:30  Hellion  
  120  14:31  Hellion x2  
  126  14:50  Missile Turret  
  126  14:51  Hellion x5  
  138  14:53  Hellion  
  138  14:54  Hellion  
  138  14:56  Hellion  
  144  15:02  Siege Tank  
  144  15:03  Siege Tank x2  
  145  15:25  Orbital Command  
  116  15:30  Cyclone  
  116  15:31  Hellion x4  
  116  15:35  Cyclone x3  
  126  15:48  Refinery  
  126  15:49  Refinery  
  126  15:50  SCV x2  
  126  15:55  Hellion x4  
  126  15:56  Hellion  
  138  16:00  SCV  
  138  16:02  SCV  
  140  16:05  Hellion  
  142  16:20  Hellion  
  142  16:21  Hellion x4  
  142  16:22  Hellion  
  150  16:52  Thor x4  
  154  17:15  Widow Mine x6  
  147  17:29  Hellion x3  
  132  17:34  Thor  
  132  17:35  Thor x3  
  132  17:36  SCV  
  132  17:37  SCV x2, Hellion x4  
  151  17:49  SCV x3  
  145  18:03  Command Center  
  143  18:05  Hellion  
  143  18:06  Hellion x3  
  128  18:43  SCV x3  
  131  18:50  Thor x2  
  131  18:52  Hellion x2  
  131  18:53  Hellion  
  131  18:55  SCV  
  150  18:56  Command Center  
  150  19:01  SCV x2  
  152  19:06  Missile Turret  
  152  19:07  SCV  
  153  19:13  SCV x2  
  155  19:19  SCV  
  155  19:21  Cyclone x2  
  162  19:25  Hellion x4  
  162  19:26  Hellion  
  162  19:28  SCV  
  123  20:01  Thor x2  
  123  20:02  Thor  
  123  20:03  Hellion x4  
  131  20:11  Terran Vehicle And Ship Armor Level 3  
  131  20:13  SCV x3  
  133  20:18  Planetary Fortress  
  132  20:25  Viking, SCV x2  
  132  20:26  Viking  
  138  20:44  SCV x3  
  138  20:49  Thor  
  147  20:51  Thor  
  147  20:55  Viking  
  147  20:56  Viking  
  157  21:00  SCV x3  
  157  21:02  Thor  
  166  21:18  Sensor Tower  
  166  21:20  Missile Turret  
  166  21:22  SCV x2  
  166  21:25  Thor  
  174  21:28  Hellion x6  
  174  21:30  Hellion x2  
  190  21:34  SCV x2  
  190  21:57  Hellion x5  
  173  22:26  Orbital Command  
  77  22:52  Thor  
  77  22:53  Thor x3  
  77  22:54  Hellion x2  
  77  22:55  Hellion x6  
  117  22:58  SCV  
  117  22:59  SCV x2  
  110  23:27  Widow Mine  
  110  23:28  Widow Mine x6  
  110  23:29  Widow Mine  
  111  23:35  Thor  
  104  24:12  Orbital Command  
  104  24:37  Missile Turret  
  48  25:05  Cyclone  
  45  25:26  SCV  
Tags
 
Composition
Mech
Matchup
PvT
Spawn Locations
Cross Positions
Add a new tag
Caveats
  • Supply blocks, unpowered buildings, or Contaminate may cause inaccurate times.
  • Supply counts are checked every 10 seconds.